TOP OF THE 1ST |
Capital Hill Interns batting - Pitching for Memphis Music : RHP Richard Arnie
|
Pitching: RHP Richard Arnie
|
|
Batting: RHB Michael Ruscoe
|
0-0: Called Strike 0-1: Foul Ball, location: 2F 0-2: SINGLE (Line Drive, 9LM)
|
Batting: LHB Tom Washington
|
0-0: Called Strike 0-1: Foul Ball, location: 2F 0-2: Foul Ball, location: 2F 0-2: Ball 1-2: Ball 2-2: Foul Ball, location: 2F 2-2: Ball 3-2: Base on Balls Michael Ruscoe to second
|
Batting: RHB Alex Perry
|
0-0: Ball 1-0: Ball 2-0: Ball 3-0: Base on Balls Michael Ruscoe to third Tom Washington to second
|
Batting: RHB Gilberto Ramírez
|
0-0: Ball 1-0: SINGLE (Flyball, 8LS) Michael Ruscoe scores Tom Washington to third Alex Perry to second Runner from 3rd tries for Home, SAFE, no throw
|
Batting: SHB Mark Boyle
|
0-0: Called Strike 0-1: Ball 1-1: Ball 2-1: Foul Ball, location: 2F 2-2: Ball 3-2: SINGLE (Groundball, 34D) Alex Perry to third Gilberto Ramírez to second Runner from 3rd tries for Home, throw and OUT!
|
Batting: RHB Alejandro Carrillo
|
0-0: Called Strike 0-1: Grounds into double play, 6-4-3 (Groundball, 6)
|
Top of the 1st over - 2 runs, 3 hits, 0 errors, 1 left on base; Capital Hill 2 - Memphis 0 |
BOTTOM OF THE 1ST |
Memphis Music batting - Pitching for Capital Hill Interns : RHP António Rodríguez
|
Pitching: RHP António Rodríguez
|
|
Batting: LHB Klaas Westerduin
|
0-0: Foul Ball, location: 2F 0-1: Called Strike 0-2: Ball 1-2: Strikes out looking
|
Batting: RHB Ryan Coakley
|
0-0: Swinging Strike 0-1: Swinging Strike 0-2: Foul Ball, location: 2F 0-2: Ball 1-2: SOLO HOME RUN (Flyball, 7LD), Distance : 363 ft
|
Batting: LHB Gabriel Muñóz
|
0-0: Ground out 4-3 (Groundball, 4)
|
Batting: RHB Pellervo Rintanen
|
0-0: Called Strike 0-1: Foul Ball, location: 2F 0-2: DOUBLE (Flyball, 78D)
|
Batting: RHB Gene Wilson
|
0-0: Ball 1-0: Called Strike 1-1: Foul Ball, location: 2F 1-2: Fly out, F7 (Flyball, 78S)
|
Bottom of the 1st over - 1 run, 2 hits, 0 errors, 1 left on base; Capital Hill 2 - Memphis 1 |
TOP OF THE 2ND |
Capital Hill Interns batting - Pitching for Memphis Music : RHP Richard Arnie
|
Batting: RHB Ken Pittman
|
0-0: Ball 1-0: Ball 2-0: SINGLE (Flyball, 89S)
|
Batting: RHB John Fitzgerald
|
0-0: Swinging Strike 0-1: Ball 1-1: Ball 2-1: Foul Ball, location: 2F 2-2: Foul Ball, location: 2F 2-2: Ball 3-2: Foul Ball, location: 2F 3-2: Fly out, F8 (Flyball, 8RD)
|
Batting: RHB António Salas
|
0-0: Ball 1-0: Foul Ball, location: 2F 1-1: Foul Ball, location: 2F 1-2: Ball 2-2: Foul Ball, location: 2F 2-2: SINGLE (Line Drive, 89S) Ken Pittman to second Runner from 2nd tries for 3rd, SAFE, throw made to third
|
Batting: RHB Michael Ruscoe
|
0-0: Called Strike 0-1: Ball 1-1: Fielders Choice at 2nd, 1-6 (Groundball, P)
|
Batting: LHB Tom Washington
|
0-0: Called Strike 0-1: Ball 1-1: Called Strike 1-2: Ball 2-2: Ball 3-2: SINGLE (Groundball, 34S) (infield hit) Ken Pittman scores Michael Ruscoe to second
|
Batting: RHB Alex Perry
|
0-0: Foul Ball, location: 2F 0-1: Foul Ball, location: 2F 0-2: Ball 1-2: Strikes out swinging
|
Top of the 2nd over - 1 run, 3 hits, 0 errors, 2 left on base; Capital Hill 3 - Memphis 1 |
BOTTOM OF THE 2ND |
Memphis Music batting - Pitching for Capital Hill Interns : RHP António Rodríguez
|
Batting: RHB Brian Cronk
|
0-0: Ball 1-0: Ball 2-0: Foul Ball, location: 2F 2-1: Foul Ball, location: 2F 2-2: Strikes out swinging
|
Batting: RHB Jeffrey O'Tarcert
|
0-0: Called Strike 0-1: Ground out 6-3 (Groundball, 6)
|
Batting: LHB Valke van der Heide
|
0-0: Foul Ball, location: 2F 0-1: Called Strike 0-2: Strikes out swinging
|
Bottom of the 2nd over - 0 runs, 0 hits, 0 errors, 0 left on base; Capital Hill 3 - Memphis 1 |
TOP OF THE 3RD |
Capital Hill Interns batting - Pitching for Memphis Music : RHP Richard Arnie
|
Batting: RHB Gilberto Ramírez
|
0-0: Ball 1-0: Ball 2-0: Called Strike 2-1: TRIPLE (Flyball, 8RXD)
|
Batting: SHB Mark Boyle
|
0-0: Ball 1-0: Swinging Strike 1-1: Ball 2-1: Ground out 4-3 (Groundball, 4) Gilberto Ramírez scores
|
Batting: RHB Alejandro Carrillo
|
0-0: Ball 1-0: Ball 2-0: Ball 3-0: Called Strike 3-1: Fly out, F6 (Line Drive, 6MD)
|
Batting: RHB Ken Pittman
|
0-0: Ball 1-0: Ball 2-0: Ball 3-0: Base on Balls
|
Batting: RHB John Fitzgerald
|
0-0: Ball 1-0: Ground out 5-3 (Groundball, 56S)
|
Top of the 3rd over - 1 run, 1 hit, 0 errors, 1 left on base; Capital Hill 4 - Memphis 1 |
BOTTOM OF THE 3RD |
Memphis Music batting - Pitching for Capital Hill Interns : RHP António Rodríguez
|
Batting: LHB Jon Murillo
|
0-0: Ball 1-0: Ground out U3 (Groundball, 34)
|
Batting: LHB Klaas Westerduin
|
0-0: Called Strike 0-1: Ball 1-1: Ball 2-1: Foul Ball, location: 2F 2-2: Ball 3-2: Strikes out swinging passed ball, reaches first!
|
Batting: RHB Ryan Coakley
|
0-0: Called Strike 0-1: Ball 1-1: Ball 2-1: Fly out, F3 (Popup, 23F)
|
Batting: LHB Gabriel Muñóz
|
0-0: Called Strike 0-1: Fielders Choice at 2nd, U4 (Groundball, 4M)
|
Bottom of the 3rd over - 0 runs, 0 hits, 0 errors, 1 left on base; Capital Hill 4 - Memphis 1 |
TOP OF THE 4TH |
Capital Hill Interns batting - Pitching for Memphis Music : RHP Richard Arnie
|
Batting: RHB António Salas
|
0-0: Ball 1-0: Ground out 5-3 (Groundball, 56S)
|
Batting: RHB Michael Ruscoe
|
0-0: Ball 1-0: Foul Ball, location: 2F 1-1: Swinging Strike 1-2: Foul Ball, location: 2F 1-2: Foul Ball, location: 2F 1-2: SINGLE (Line Drive, 6MD)
|
Batting: LHB Tom Washington
|
0-0: Foul Ball, location: 2F 0-1: Called Strike 0-2: SINGLE (Groundball, 3D) Michael Ruscoe to second Runner from 2nd tries for 3rd, SAFE, no throw
|
Batting: RHB Alex Perry
|
0-0: Called Strike 0-1: SINGLE (Groundball, 5) (infield hit) Michael Ruscoe scores Tom Washington to second
|
Batting: RHB Gilberto Ramírez
|
0-0: Ball 1-0: Ball 2-0: Called Strike 2-1: Grounds into double play, 6-4-3 (Groundball, 6)
|
Top of the 4th over - 1 run, 3 hits, 0 errors, 1 left on base; Capital Hill 5 - Memphis 1 |
BOTTOM OF THE 4TH |
Memphis Music batting - Pitching for Capital Hill Interns : RHP António Rodríguez
|
Batting: RHB Pellervo Rintanen
|
0-0: Called Strike 0-1: Foul Ball, location: 2F 0-2: SINGLE (Groundball, 56D)
|
Batting: RHB Gene Wilson
|
0-0: Swinging Strike 0-1: Ball 1-1: Swinging Strike 1-2: Ball 2-2: Foul Ball, location: 2F 2-2: Foul Ball, location: 2F 2-2: Ground out 3-1 (Groundball, 34S) Pellervo Rintanen to second
|
Batting: RHB Brian Cronk
|
0-0: Swinging Strike 0-1: Ball 1-1: Ball 2-1: SINGLE (Groundball, 56D) Pellervo Rintanen to third Runner from 3rd tries for Home, SAFE, no throw
|
Batting: RHB Jeffrey O'Tarcert
|
0-0: Called Strike 0-1: Called Strike 0-2: Foul Ball, location: 2F 0-2: Foul Ball, location: 2F 0-2: Strikes out swinging
|
Batting: LHB Valke van der Heide
|
0-0: Ground out U3 (Groundball, 3)
|
Bottom of the 4th over - 1 run, 2 hits, 0 errors, 1 left on base; Capital Hill 5 - Memphis 2 |
TOP OF THE 5TH |
Capital Hill Interns batting - Pitching for Memphis Music : RHP Richard Arnie
|
Batting: SHB Mark Boyle
|
0-0: Ground out 3-1 (Groundball, 34)
|
Batting: RHB Alejandro Carrillo
|
0-0: Called Strike 0-1: Ball 1-1: Swinging Strike 1-2: Ground out 5-3 (Groundball, 5S)
|
Pitching: RHP Lee Gunn
|
|
Batting: RHB Ken Pittman
|
0-0: Ball 1-0: Ball 2-0: Foul Ball, location: 2F 2-1: Called Strike 2-2: Strikes out swinging
|
Top of the 5th over - 0 runs, 0 hits, 0 errors, 0 left on base; Capital Hill 5 - Memphis 2 |
BOTTOM OF THE 5TH |
Memphis Music batting - Pitching for Capital Hill Interns : RHP António Rodríguez
|
Batting: LHB Jon Murillo
|
0-0: Ground out 6-3 (Groundball, 6)
|
Batting: LHB Klaas Westerduin
|
0-0: Swinging Strike 0-1: Called Strike 0-2: Foul Ball, location: 2F 0-2: Ball 1-2: Ball 2-2: Strikes out swinging
|
Batting: RHB Ryan Coakley
|
0-0: Called Strike 0-1: Called Strike 0-2: Foul Ball, location: 2F 0-2: Ball 1-2: Foul Ball, location: 2F 1-2: Foul Ball, location: 2F 1-2: Ball 2-2: Ball 3-2: Fly out, F9 (Line Drive, 9LM)
|
Bottom of the 5th over - 0 runs, 0 hits, 0 errors, 0 left on base; Capital Hill 5 - Memphis 2 |
TOP OF THE 6TH |
Capital Hill Interns batting - Pitching for Memphis Music : RHP Lee Gunn
|
Batting: RHB John Fitzgerald
|
0-0: Called Strike 0-1: Ball 1-1: Ball 2-1: Ground out 6-3 (Groundball, 6)
|
Batting: RHB António Salas
|
0-0: Ball 1-0: Called Strike 1-1: Ball 2-1: Ball 3-1: Called Strike 3-2: Ground out 1-3 (Groundball, 15)
|
Batting: RHB Michael Ruscoe
|
0-0: Ball 1-0: Ball 2-0: Called Strike 2-1: Foul Ball, location: 2F 2-2: Hit by Pitch
|
Batting: LHB Tom Washington
|
0-0: Ball 1-0: Ball 2-0: Called Strike 2-1: Foul Ball, location: 2F 2-2: Ball 3-2: Ground out 1-3 (Groundball, P)
|
Top of the 6th over - 0 runs, 0 hits, 0 errors, 1 left on base; Capital Hill 5 - Memphis 2 |
BOTTOM OF THE 6TH |
Memphis Music batting - Pitching for Capital Hill Interns : RHP António Rodríguez
|
Batting: LHB Gabriel Muñóz
|
0-0: Swinging Strike 0-1: Ball 1-1: Swinging Strike 1-2: Strikes out looking
|
Batting: RHB Pellervo Rintanen
|
0-0: Ball 1-0: Called Strike 1-1: Called Strike 1-2: Fly out, F9 (Flyball, 9LS)
|
Batting: RHB Gene Wilson
|
0-0: Ball 1-0: Called Strike 1-1: Foul Ball, location: 2F 1-2: DOUBLE (Flyball, 89XD)
|
Batting: RHB Brian Cronk
|
0-0: Ball 1-0: Foul Ball, location: 2F 1-1: Fly out, F7 (Flyball, 7LMF)
|
Bottom of the 6th over - 0 runs, 1 hit, 0 errors, 1 left on base; Capital Hill 5 - Memphis 2 |
TOP OF THE 7TH |
Capital Hill Interns batting - Pitching for Memphis Music : RHP Lee Gunn
|
Batting: RHB Alex Perry
|
0-0: Called Strike 0-1: Fly out, F7 (Flyball, 7D)
|
Batting: RHB Gilberto Ramírez
|
0-0: Ball 1-0: Foul Ball, location: 2F 1-1: Called Strike 1-2: Ball 2-2: Ball 3-2: Strikes out looking
|
Batting: SHB Mark Boyle
|
0-0: Swinging Strike 0-1: Foul Ball, location: 2F 0-2: Ball 1-2: Foul Ball, location: 2F 1-2: Ball 2-2: Ball 3-2: Foul Ball, location: 2F 3-2: Base on Balls
|
Batting: RHB Alejandro Carrillo
|
0-0: Fly out, F8 (Flyball, 8RM)
|
Top of the 7th over - 0 runs, 0 hits, 0 errors, 1 left on base; Capital Hill 5 - Memphis 2 |
BOTTOM OF THE 7TH |
Memphis Music batting - Pitching for Capital Hill Interns : RHP António Rodríguez
|
Batting: RHB Jeffrey O'Tarcert
|
0-0: Ball 1-0: Ball 2-0: Ball 3-0: Called Strike 3-1: Ground out U3 (Groundball, 3L)
|
Batting: LHB Valke van der Heide
|
0-0: Called Strike 0-1: Foul Ball, location: 2F 0-2: Ball 1-2: Strikes out swinging
|
Batting: LHB Jon Murillo
|
0-0: Called Strike 0-1: Foul Ball, location: 2F 0-2: Ball 1-2: Fly out, F3 (Popup, 3DF)
|
Bottom of the 7th over - 0 runs, 0 hits, 0 errors, 0 left on base; Capital Hill 5 - Memphis 2 |
TOP OF THE 8TH |
Capital Hill Interns batting - Pitching for Memphis Music : RHP Lee Gunn
|
Batting: RHB Ken Pittman
|
0-0: Called Strike 0-1: Foul Ball, location: 2F 0-2: Ball 1-2: Ball 2-2: Foul Ball, location: 2F 2-2: Foul Ball, location: 2F 2-2: Fly out, F8 (Line Drive, 8LD)
|
Batting: RHB John Fitzgerald
|
0-0: Called Strike 0-1: Foul Ball, location: 2F 0-2: Foul Ball, location: 2F 0-2: Ball 1-2: Foul Ball, location: 2F 1-2: Foul Ball, location: 2F 1-2: Foul Ball, location: 2F 1-2: Ball 2-2: Ball 3-2: Foul Ball, location: 2F 3-2: SINGLE (Flyball, 78S)
|
Batting: RHB António Salas
|
0-0: Called Strike 0-1: Foul Ball, location: 2F 0-2: Ball 1-2: Ball 2-2: Foul Ball, location: 2F 2-2: Foul Ball, location: 2F 2-2: Foul Ball, location: 2F 2-2: Ball 3-2: Fly out, F7 (Flyball, 7D)
|
Batting: RHB Michael Ruscoe
|
0-0: Called Strike 0-1: Called Strike 0-2: Ball 1-2: Foul Ball, location: 2F 1-2: Foul Ball, location: 2F 1-2: Ball 2-2: Foul Ball, location: 2F 2-2: Fly out, F8 (Flyball, 8RD)
|
Top of the 8th over - 0 runs, 1 hit, 0 errors, 1 left on base; Capital Hill 5 - Memphis 2 |
BOTTOM OF THE 8TH |
Memphis Music batting - Pitching for Capital Hill Interns : RHP António Rodríguez
|
Batting: LHB Klaas Westerduin
|
0-0: Ball 1-0: Swinging Strike 1-1: Fly out, F9 (Flyball, 9)
|
Batting: RHB Ryan Coakley
|
0-0: Ball 1-0: Called Strike 1-1: Ball 2-1: Ball 3-1: Called Strike 3-2: Strikes out swinging
|
Batting: LHB Gabriel Muñóz
|
0-0: Foul Ball, location: 2F 0-1: Ball 1-1: Foul Ball, location: 2F 1-2: Foul Ball, location: 2F 1-2: Ball 2-2: Ball 3-2: Fly out, F1 (Line Drive, 13)
|
Bottom of the 8th over - 0 runs, 0 hits, 0 errors, 0 left on base; Capital Hill 5 - Memphis 2 |
TOP OF THE 9TH |
Capital Hill Interns batting - Pitching for Memphis Music : RHP Lee Gunn
|
Pitching: RHP Eric Pierson
|
|
Batting: LHB Tom Washington
|
0-0: Foul Ball, location: 2F 0-1: Ball 1-1: Foul Ball, location: 2F 1-2: SINGLE (Flyball, 8LS)
|
Batting: RHB Alex Perry
|
0-0: Ball 1-0: Grounds into double play, 5-4-3 (Groundball, 5)
|
Batting: RHB Gilberto Ramírez
|
0-0: Foul Ball, location: 2F 0-1: Called Strike 0-2: Ball 1-2: Ground out 6-3 (Groundball, 6)
|
Top of the 9th over - 0 runs, 1 hit, 0 errors, 0 left on base; Capital Hill 5 - Memphis 2 |
BOTTOM OF THE 9TH |
Memphis Music batting - Pitching for Capital Hill Interns : RHP António Rodríguez
|
Batting: RHB Pellervo Rintanen
|
0-0: Called Strike 0-1: Ball 1-1: Ball 2-1: Ball 3-1: Base on Balls
|
Pitching: RHP Steve Jackson
|
|
Batting: RHB Gene Wilson
|
0-0: Fly out, F8 (Flyball, 8RD)
|
Batting: RHB Brian Cronk
|
0-0: Ball 1-0: Foul Ball, location: 2F 1-1: Foul Ball, location: 2F 1-2: Foul Ball, location: 2F 1-2: Foul Ball, location: 2F 1-2: Foul Ball, location: 2F 1-2: Reached on error, E5 (Groundball, 56) Pellervo Rintanen to second
|
Batting: RHB Jeffrey O'Tarcert
|
0-0: Called Strike 0-1: Swinging Strike 0-2: Strikes out swinging
|
Batting: LHB Valke van der Heide
|
0-0: Called Strike 0-1: Ball 1-1: Swinging Strike 1-2: Strikes out looking
|
Bottom of the 9th over - 0 runs, 0 hits, 1 error, 2 left on base; Capital Hill 5 - Memphis 2 |
|